Map: Parasitismo LE

Players

Vicster - Winner!

  • Race: Terran Terran
  • League: Gold
  • Spawn Location: 5:00

WiCi

  • Race: Zerg Zerg
  • League: Platinum
  • Spawn Location: 11:00

VOD

Have the link to the VOD?

Description

Time

  • Played on: Jan. 10, 2019, 3:14 p.m.
  • Length: 17:22
Show
View Real Time Build Order
Export as new Build Order

Vicster Terran - Winner!

Build Orders: Reaper Expand 

Get SALT Encoding   

  12  0:01  SCV  
  13  0:13  SCV  
  14  0:17  Supply Depot  
  14  0:25  SCV  
  15  0:38  SCV  
  15  0:41  Barracks  
  16  0:50  Refinery, SCV  
  17  1:03  SCV  
  18  1:15  SCV  
  19  1:27  Orbital Command  
  19  1:35  Reaper  
  20  1:47  Command Center  
  20  1:53  SCV  
  21  2:05  SCV  
  22  2:12  Factory  
  22  2:16  Supply Depot  
  22  2:17  SCV  
  23  2:29  Barracks Reactor  
  23  2:31  SCV  
  23  2:36  Refinery  
  23  2:41  Supply Depot  
  23  2:43  SCV  
  24  2:55  SCV  
  25  3:07  SCV  
  25  3:11  Orbital Command  
  25  3:14  Factory Tech Lab  
  25  3:22  SCV, Supply Depot  
  25  3:25  Starport  
  26  3:29  Marine x2  
  28  3:38  SCV x2  
  28  3:39  Refinery  
  30  3:45  Bunker  
  30  3:49  Siege Tank  
  30  3:51  SCV  
  30  3:54  Marine x2  
  36  3:58  SCV  
  37  4:07  Starport Tech Lab  
  37  4:10  SCV  
  37  4:12  Marine x2  
  40  4:21  Command Center  
  40  4:31  Supply Depot  
  40  4:33  SCV  
  40  4:35  Siege Tank  
  40  4:36  Marine x2  
  40  4:38  Banshee  
  49  4:41  SCV  
  50  4:47  Supply Depot  
  50  4:54  Marine  
  51  5:03  SCV  
  51  5:04  Bunker  
  51  5:05  SCV  
  53  5:15  SCV  
  53  5:21  Banshee  
  57  5:33  SCV  
  58  5:44  Orbital Command  
  58  5:50  Siege Tank  
  58  5:51  Marine x2  
  63  5:57  Barracks  
  63  5:58  SCV  
  63  5:59  Barracks  
  63  6:00  Command Center  
  63  6:03  Banshee, Supply Depot  
  67  6:05  Supply Depot  
  67  6:10  Refinery  
  67  6:14  Cloaking Field  
  67  6:32  SCV x2  
  69  6:33  SCV  
  70  6:44  SCV  
  70  6:45  SCV x2  
  70  6:46  Banshee  
  70  6:57  SCV  
  71  7:16  Orbital Command  
  71  7:19  Barracks Reactor  
  71  7:20  Barracks Reactor  
  71  7:23  Barracks  
  71  7:28  Barracks, Siege Tank  
  71  7:29  Marine x2  
  76  7:39  Supply Depot  
  76  7:51  Engineering Bay  
  76  7:53  Engineering Bay  
  76  7:54  Refinery  
  76  8:08  Supply Depot  
  76  8:12  Orbital Command  
  76  8:15  Barracks Tech Lab  
  76  8:21  Barracks  
  76  8:23  Barracks Tech Lab  
  76  8:25  Marine x3, Barracks  
  79  8:34  SCV  
  80  8:36  Terran Infantry Weapons Level 1  
  80  8:39  Starport Reactor, Terran Infantry Armor Level 1  
  80  8:41  Armory  
  80  8:46  Siege Tank  
  80  8:48  Marine x6  
  84  8:49  Marine x2  
  84  8:54  Supply Depot  
  91  8:56  Supply Depot  
  91  8:57  Supply Depot  
  91  9:01  Supply Depot  
  91  9:02  SCV x2, Supply Depot  
  93  9:03  SCV, Supply Depot  
  93  9:06  Marine  
  95  9:14  SCV x2  
  95  9:15  SCV  
  98  9:23  Refinery  
  98  9:24  SCV  
  99  9:26  SCV x2  
  99  9:27  SCV  
  99  9:28  Refinery  
  102  9:35  Terran Vehicle Weapons Level 1  
  102  9:36  SCV  
  103  9:38  SCV x2  
  103  9:39  SCV  
  106  9:59  Medivac  
  85  10:00  Medivac  
  108  10:05  Barracks  
  110  10:21  Combat Shield  
  110  10:22  Stimpack  
  110  10:23  Marine x3  
  110  10:24  Marine x6  
  110  10:25  Barracks, Barracks Tech Lab, SCV  
  110  10:26  SCV x3  
  123  10:38  SCV x4  
  123  10:41  Marine  
  128  10:49  Command Center  
  128  10:50  SCV x4  
  128  10:53  Command Center  
  128  10:54  Refinery  
  132  10:59  Marine x6, Reaper, Marauder x2  
  132  11:00  Marauder  
  132  11:01  Siege Tank  
  132  11:02  SCV x4, Medivac x2  
  157  11:07  Barracks Tech Lab  
  157  11:08  Concussive Shells  
  155  11:14  SCV x2  
  155  11:16  Missile Turret  
  155  11:17  Missile Turret  
  156  11:21  Marauder x3  
  162  11:31  Missile Turret  
  162  11:32  Medivac  
  158  11:34  Missile Turret  
  157  11:43  Marine  
  157  11:44  Marine x11  
  157  11:46  Siege Tank  
  172  11:47  Medivac  
  172  11:50  SCV x4  
  178  12:01  Marine x4, Orbital Command  
  178  12:02  Marine, SCV x3, Medivac  
  188  12:09  Refinery  
  188  12:12  Refinery  
  188  12:14  Refinery  
  188  12:15  Orbital Command  
  188  12:17  Medivac  
  188  12:18  Siege Tank  
  167  13:31  Marine x4, Marauder  
  167  13:32  Marine x3, Marauder x3  
  167  13:33  Siege Tank  
  167  13:34  Medivac  
  176  13:40  Medivac  
  172  13:47  Marine  
  166  13:48  Marine  
  166  13:49  Marine x3  
  166  13:53  Marauder x3  
  171  13:56  Marine  
  171  13:57  Marine x2  
  173  14:10  Medivac  
  170  14:27  Command Center  
  170  14:31  Marine x2  
  161  14:32  Marine x10  
  161  14:33  Thor  
  161  14:37  Terran Infantry Weapons Level 2  
  161  14:38  Terran Vehicle Weapons Level 2, Terran Infantry Armor Level 2  
  173  14:40  Medivac  
  171  14:49  Marine x10  
  171  14:50  Marine x2  
  181  15:00  SCV x4  
  181  15:07  Marine x2  
  185  15:10  Medivac  
  182  15:15  Marine  
  182  15:16  Marine x9  
  182  15:18  SCV  
  182  15:19  SCV x5  
  197  15:24  Marine  
  197  15:25  Marine  
  199  15:30  SCV  
  200  15:40  Orbital Command  
  200  15:42  Refinery  
  199  15:57  Missile Turret  
  199  15:58  Missile Turret  
  193  16:20  Marine x8  
  193  16:21  Marine x2  
Show
View Real Time Build Order
Export as new Build Order

WiCi Zerg 

Build Orders: Pool First 

Get SALT Encoding   

  12  0:01  Drone  
  13  0:08  Drone  
  14  0:17  Extractor, Drone  
  15  0:23  Overlord  
  15  0:32  Extractor  
  14  0:43  Drone x2  
  14  0:48  Spawning Pool  
  15  0:51  Drone  
  17  1:04  Drone  
  17  1:07  Drone  
  18  1:24  Hatchery, Drone  
  18  1:29  Drone  
  19  1:39  Drone  
  20  1:42  Queen  
  22  1:50  Extractor, Drone  
  22  2:06  Metabolic Boost  
  22  2:09  Overlord  
  22  2:20  Roach Warren  
  21  2:34  Zergling x6  
  24  2:42  Drone  
  25  2:54  Drone  
  25  2:55  Drone  
  25  2:57  Drone x2  
  25  2:58  Drone  
  30  3:03  Drone  
  30  3:04  Drone  
  32  3:11  Zergling x2  
  33  3:17  Drone  
  34  3:31  Drone x2  
  36  3:34  Overlord x2  
  36  3:47  Overlord x2  
  36  3:55  Roach  
  37  4:05  Roach x2  
  41  4:12  Queen  
  43  4:17  Queen  
  45  4:26  Roach  
  45  4:27  Roach x3  
  54  4:31  Drone  
  54  4:32  Hatchery  
  53  4:42  Roach x2  
  57  4:45  Ravager  
  57  4:46  Ravager x2  
  57  4:49  Roach x4  
  68  5:11  Lair  
  68  5:14  Overlord  
  68  5:15  Overlord x4  
  68  5:42  Zergling x2  
  69  5:43  Zergling x16  
  77  5:59  Spore Crawler  
  77  6:03  Spore Crawler  
  77  6:04  Drone x6  
  81  6:12  Roach x5  
  91  6:19  Ravager  
  91  6:20  Ravager x4  
  91  6:24  Drone  
  91  6:25  Drone x2  
  99  6:31  Drone x2  
  68  7:07  Hydralisk Den  
  67  7:10  Zergling x18  
  76  7:17  Extractor  
  76  7:19  Lair x2  
  76  7:20  Extractor  
  76  7:21  Drone  
  75  7:32  Drone x3  
  75  7:34  Drone x2  
  80  7:47  Drone x3  
  83  7:57  Hydralisk x2  
  83  7:58  Hydralisk x3  
  89  8:00  Overlord x2  
  89  8:01  Overlord x2  
  93  8:12  Drone x3  
  96  8:22  Drone x2  
  96  8:25  Drone x4  
  102  8:27  Drone x3  
  102  8:28  Drone  
  102  8:33  Extractor  
  105  8:37  Extractor  
  104  8:48  Spire  
  103  9:00  Hydralisk x5  
  103  9:01  Hydralisk x3  
  119  9:14  Hydralisk  
  119  9:15  Hydralisk x2  
  125  9:21  Hydralisk  
  125  9:22  Hydralisk  
  129  9:35  Overseer  
  129  9:36  Overseer x3  
  129  9:45  Overlord  
  129  9:46  Overlord x12  
  129  10:12  Mutalisk x6  
  141  10:29  Hydralisk x5  
  151  10:51  Hydralisk  
  151  10:52  Hydralisk x4  
  161  11:15  Hatchery  
  158  11:37  Overseer  
  148  11:45  Mutalisk x8  
  148  11:47  Hydralisk  
  164  11:48  Zergling x2  
  164  11:49  Zergling x18  
  176  12:03  Zergling x6  
  176  12:05  Zergling x2  
  180  12:14  Drone  
  181  12:21  Hydralisk  
  181  12:22  Drone x3  
  146  12:56  Hydralisk  
  146  12:57  Hydralisk x15  
  166  13:03  Mutalisk  
  129  13:12  Hydralisk x2  
  125  13:13  Hydralisk  
  92  13:48  Mutalisk x4  
  88  13:49  Mutalisk x4  
  88  13:53  Hydralisk x2  
  84  14:03  Mutalisk  
  84  14:06  Zergling x2  
  84  14:07  Zergling x2  
  84  14:08  Zergling x2  
  76  14:42  Zergling x12  
  82  14:50  Hatchery  
  81  15:00  Hatchery  
  81  15:01  Hydralisk x2  
  75  15:16  Hydralisk x2  
  75  15:17  Hydralisk x2  
  81  15:29  Drone x2  
  79  15:58  Mutalisk x5  
  79  15:59  Mutalisk  
  86  16:17  Mutalisk  
  86  16:18  Mutalisk x2  
  78  16:24  Zergling x2  
  78  16:25  Zergling x8  
Tags
 
Add a new tag
Caveats
  • Supply blocks, unpowered buildings, or Contaminate may cause inaccurate times.
  • Supply counts are checked every 10 seconds.